 Dungeon Crawl Stone Soup version 0.30.0-15-g856e2d3f33 (webtiles) character file.

Game seed: 5461183843893896035

41 Daunt the Caller (level 3, -1/26 HPs)
             Began as a Demonspawn Summoner on May 18, 2023.
             Slain by Robin
             ... wielding a +0 spear
              (6 damage)
             ... on level 3 of the Dungeon.
             The game lasted 00:06:03 (1535 turns).

Daunt the Caller (Demonspawn Summoner)              Turns: 1535, Time: 00:06:05

Health: -1/26      AC:  3    Str:  8    XL:     3   Next: 32%
Magic:  5/6        EV: 12    Int: 18    God:
Gold:   85         SH:  0    Dex: 15    Spells: 3/6 levels left

rFire   . . .        g - +0 short sword
rCold   . . .        (no shield)
rNeg    . . .        a - +0 robe
rPois   .            l - +0 helmet
rElec   .            (no cloak)
rCorr   .            (no gloves)
SInv    .            (no boots)
Will    .....        m - amulet of magic regeneration
Stlth   +++          (no ring)
HPRegen 0.24/turn    (no ring)
MPRegen 0.50/turn

%: no passive effects
@: no status effects
A: claws 1, thin skeletal structure 1
a: no special abilities


You were on level 3 of the Dungeon.
You visited 1 branch of the dungeon, and saw 3 of its levels.

You collected 115 gold pieces.
You spent 30 gold pieces at shops.

Inventory:

Hand Weapons
 g - a +0 short sword (weapon)
Missiles
 e - 13 stones
 i - 4 poisoned darts
Armour
 a - a +0 robe (worn)
 d - a +0 ring mail
 l - a +0 helmet (worn)
Jewellery
 m - an amulet of magic regeneration (around neck)
Scrolls
 c - a scroll of identify {unknown}
 f - 2 scrolls of noise {unknown}
 h - 2 scrolls of teleportation
 k - 2 scrolls of vulnerability {unknown}
Potions
 b - a potion of magic
 j - a potion of cancellation {unknown}
 n - a potion of flight {unknown}
 o - a potion of attraction {unknown}
 p - a potion of brilliance {unknown}
 q - a potion of resistance {unknown}
 r - a potion of ambrosia {unknown}
 s - a potion of curing {unknown}


   Skills:
 + Level 1.0 Fighting
 - Level 1.7 Dodging
 + Level 2.2 Stealth
 - Level 2.0 Spellcasting
 - Level 4.8 Summonings


You had 3 spell levels left.
You knew the following spells:

 Your Spells              Type           Power      Damage    Failure   Level
a - Summon Small Mammal   Summ           76%        N/A       2%          1
i - Call Imp              Summ           38%        N/A       3%          2

Your spell library contained the following spells:

 Spells                   Type           Power      Damage    Failure   Level
 Call Canine Familiar     Summ           19%        N/A       8%          3
 Summon Guardian Golem    Hex/Summ       10%        N/A       21%         3
 Summon Lightning Spire   Summ/Air       10%        N/A       54%         4


Dungeon Overview and Level Annotations

Branches:
Dungeon (3/15)

Altars:
Ru

Shops:
D:1 *

Annotations:
D:3 Robin


Innate Abilities, Weirdness & Mutations

You have sharp fingernails.
You have a somewhat thin skeletal structure. (Dex +2, Stealth+)


Message History

Casting: Summon Small Mammal (safe; 2% risk of failure)
Confirm with . or Enter, or press ? or * to list all spells.
Your cerulean imp hits Robin but does no damage.
Your rat barely misses the goblin.
The goblin hits you but does no damage. Robin closely misses your cerulean imp.
Unknown command.
Unknown command.
Unknown command.
You swap places.
Your cerulean imp hits Robin but does no damage.
The goblin shoots a sling bullet.
The sling bullet closely misses you.
Your quokka bites the goblin.
The goblin dies!
Your rat bites the goblin.
Things that are here:
a +0 sling; a +0 dagger Unknown command.
Unknown command.
Unknown command.
Unknown command.
Your cerulean imp hits Robin with a -3 spear.
Your quokka bites the goblin.
The goblin shoots a sling bullet.
The sling bullet hits your quokka.
Your quokka dies!
Your quokka's corpse disappears in a puff of smoke!
Robin hits you with a +0 spear.
* * * LOW HITPOINT WARNING * * *
Your rat closely misses the goblin.
Unknown command.
Unknown command.
Unknown command.
Unknown command.
Casting: Summon Small Mammal (safe; 2% risk of failure)
Confirm with . or Enter, or press ? or * to list all spells.
The goblin no longer looks unusually strong.
Your cerulean imp closely misses Robin.
The goblin shoots a sling bullet.
The sling bullet hits you.
* * * LOW HITPOINT WARNING * * *
Robin hits you with a +0 spear.
You die...

#..._................#
#.........####.......#
##.........# #.......#
####.......##
#.......# # #.#†.....#
#.......# # #.#.†....#
#.g)##### # #........#
#..r# # #...#.####
#r..### # ##...#..#..
#.@...#
###.......#...#g5...#
..'.......#...?))...#
###............))...#
# #.....†...#)..#####
# #.........#....
#..............
#............)..
#............§.#


You could see Robin (ally target), a goblin (ally target), a friendly cerulean
imp (summoned), a friendly quokka (summoned) and a friendly rat (summoned).

Vanquished Creatures
  A goblin (D:3)
  2 hobgoblins
  A jackal (D:2)
  2 bats
  A rat (D:1)
7 creatures vanquished.

Vanquished Creatures (collateral kills)
  An adder (D:2)
  An endoplasm (D:1)
  A giant cockroach (D:3)
  8 goblins (D:3)
  3 hobgoblins
  2 jackals (D:2)
  A quokka (D:1)
  A ball python (D:1)
  2 frilled lizards (D:3)
  A kobold (D:1)
  A rat (D:1)
22 creatures vanquished.

Grand Total: 29 creatures vanquished

Notes
Turn   | Place    | Note
-------+----------+-------------------------------------------
     0 | D:1      | Daunt the Demonspawn Summoner began the quest for the Orb.
     0 | D:1      | Reached XP level 1. HP: 13/13 MP: 3/3
   233 | D:1      | Found Wotaf's General Store.
   252 | D:1      | Bought a scroll of teleportation for 30 gold pieces
   753 | D:2      | Gained mutation: You have a somewhat thin skeletal
                  | structure. (Dex +2, Stealth+) [demonic ancestry]
   753 | D:2      | Reached XP level 2. HP: 19/19 MP: 5/5
   799 | D:2      | Found a sacrificial altar of Ru.
   875 | D:2      | Learned a level 2 spell: Call Imp
  1469 | D:3      | Gained mutation: You have sharp fingernails. [demonic
                  | ancestry]
  1469 | D:3      | Reached XP level 3. HP: 25/25 MP: 6/6
  1470 | D:3      | Found a faded altar of an unknown god.
  1511 | D:3      | Noticed Robin
  1524 | D:3      | Reached skill level 1 in Fighting
  1535 | D:3      | Slain by Robin

Illustrated notes

Levels and vault maps discovered:
D:1:      wander_arrival_lonely_grave, layout_basic, serial_shops, shop,
          nrook_mini_backslash, corexii_hall_statues_u
D:2:      layout_loops_cross, basic_altar
D:3:      layout_basic, minmay_overflow_temple_star_hex, basic_ecumenical_altar,
          uniq_robin

Skill      XL: |  1  2  3 |
---------------+----------+-----
Stealth        | 2 |  2.2
Fighting       | 1 |  1.0
Dodging        | |  1.7
Spellcasting   | |  2.0
Summonings     | |  4.8

Action                     || total
---------------------------++-------
  Melee: Short sword       ||    27
   Cast: Summon Small Mamm ||    37
         Call Imp          ||     2
   Stab: Sleeping          ||     1
 Armour: Robe              ||    14
  Dodge: Dodged            ||    33
